 Dungeon Crawl Stone Soup version 0.31-a0-986-g5e6e4ef867 (webtiles) character file.

Game seed: 3366314663896752397

22 Persephone the Poker (level 2, -1/24 HPs)
             Began as a Merfolk Berserker on Nov 6, 2023.
             Was a Follower of Trog.
             Slain by a goblin
             ... wielding a +0 club
             ... led by Robin
              (3 damage)
             ... on level 2 of the Dungeon.
             The game lasted 00:01:27 (894 turns).

Persephone the Poker (Merfolk Berserker)             Turns: 894, Time: 00:01:27

Health: -1/24      AC:  2    Str: 17    XL:     2   Next: 91%
Magic:  2/2        EV: 12    Int:  6    God:    Trog [*.....]
Gold:   55         SH:  0    Dex: 13    Spells: 1/1 levels left

rFire   . . .        a - +0 spear
rCold   . . .        (no shield)
rNeg    . . .        b - +0 animal skin
rPois   .            (no helmet)
rElec   .            (no cloak)
rCorr   .            (no gloves)
SInv    .            (no boots)
Will    .....        (no amulet)
Stlth   +            (no ring)
HPRegen 0.24/turn    (no ring)
MPRegen 0.08/turn

%: no passive effects
@: no status effects
A: (nimble swimmer 2), mertail
a: Renounce Religion, Berserk


You were on level 2 of the Dungeon.
You worshipped Trog.
Trog was aware of your devotion.
You visited 1 branch of the dungeon, and saw 2 of its levels.

You collected 55 gold pieces.

Inventory:

Hand Weapons
 a - a +0 spear (weapon)
Armour
 b - a +0 animal skin (worn)
Jewellery
 e - a +6 ring of intelligence
Scrolls
 d - a scroll of amnesia {unknown}
 f - a scroll of identify {unknown}
 g - a scroll of enchant weapon {unknown}
Potions
 c - a potion of curing {unknown}


   Skills:
 - Level 3.2 Fighting
 * Level 5.4 Polearms
 - Level 1.3 Armour
 - Level 2.6 Dodging


You had one spell level left.
You didn't know any spells.
Your spell library was empty.

Dungeon Overview and Level Annotations

Branches:
Dungeon (2/15)

Altars:

Annotations:
D:2 Robin


Innate Abilities, Weirdness & Mutations

((You are very nimble when in or above water. (Stealth+, EV+, Speed+++)))
Your lower body shifts to a powerful aquatic tail in water.


Message History

Trog accepts your kill.
You feel a strong urge to attack something.
You feel your anger nearly subside.
You are no longer berserk.
You are exhausted.
You feel yourself slow down.
Starting script; Killing and exploring; No nearby monsters, exploring now You feel yourself speed up.
You recover from your berserk rage.
HP restored.
Auto Killed stopped - Partly explored.
Partly explored, can't reach some places.
Things that are here:
a +0 dagger; a goblin corpse; a hobgoblin corpse
There is a stone staircase leading down, spattered with blood here.
You see here a hobgoblin corpse.
You climb downwards.
Level annotation: Robin The bat closely misses you.
The jackal closely misses you. x2
The goblin closely misses you. The bat completely misses you.
The jackal bites you. The goblin closely misses you.
The jackal bites you but does no damage.
Robin roars a battlecry!
The goblins go into a battle-frenzy!
The jackal completely misses you. The hobgoblin hits you.
The goblin hits you but does no damage.
There is a stone staircase leading up, spattered with blood here.
You fail to use your ability.
The bat hits you but does no damage. The bat barely misses you.
The jackal bites you. x2
The jackal closely misses you. The goblin closely misses you. x2
The hobgoblin hits you!
* * * LOW HITPOINT WARNING * * *
The goblin hits you with a +0 dagger.
* * * LOW HITPOINT WARNING * * *
You closely miss the goblin. The bat hits you but does no damage.
The jackal barely misses you. The jackal closely misses you.
The jackal barely misses you. The goblin hits you with a +0 dagger.
* * * LOW HITPOINT WARNING * * *
The goblin closely misses you. The goblin hits you with a +0 club.
You die...

... .. #.. .# #
#.. .#.#
#..###.#.###
####....gg.....
........b....
#...?gggg.#
.....hh@g.#
.#....hhg...#
..........#...#
##........# .##
#......?.#
####.###.# #.
.# .. ..


You could see Robin, 4 jackals, a hobgoblin (strong), 6 goblins and a bat.

Vanquished Creatures
  3 ball pythons (D:1)
  3 bats (D:1)
  5 goblins (D:1)
  3 hobgoblins (D:1)
  A quokka (D:1)
  3 frilled lizards (D:1)
  A kobold (D:1)
  2 rats (D:1)
21 creatures vanquished.

Notes
Turn   | Place    | Note
-------+----------+-------------------------------------------
     0 | D:1      | Persephone the Merfolk Berserker began the quest for the
                  | Orb.
     0 | D:1      | Reached XP level 1. HP: 18/18 MP: 1/1
   253 | D:1      | Reached XP level 2. HP: 18/24 MP: 2/2
   549 | D:1      | Reached skill level 5 in Polearms
   792 | D:2      | Noticed Robin
   894 | D:2      | Slain by a goblin

Illustrated notes

Levels and vault maps discovered:
D:1:      lightli_molten_gateway, layout_loops_cross, serial_bayou,
          serial_bayou_shore_b, serial_bayou_pond_e, serial_bayou_crossing,
          serial_bayou_shore_a
D:2:      layout_loops_ring, uniq_natasha, uniq_robin, uniq_sigmund

Skill      XL: |  1  2 |
---------------+-------+-----
Polearms       | 5 |  5.4
Fighting       | |  3.2
Armour         | |  1.3
Dodging        | |  2.6

Action                     || total
---------------------------++-------
  Melee: Spear             ||    55
         Punch             ||     1
 Invoke: Berserk           ||     1
   Stab: Sleeping          ||     3
 Armour: Animal skin       ||    47
  Dodge: Dodged            ||    56

Table legend: (Time is in decaauts)
 A = Elapsed time spent in this place.
 B = Non-inter-level travel time spent in this place.
 C = Inter-level travel time spent in this place.
 D = Time resting spent in this place.
 E = Time spent auto-exploring this place.
 F = Levels seen in this place.
 G = Mean time per level.
                   A        B        C        D        E       F      G
               +--------+--------+--------+--------+--------+-----+--------+
         Total |    878 |    842 |     36 |      0 |    711 |   2 |  439.0 |
       Dungeon |    878 |    842 |     36 |      0 |    711 |   2 |  439.0 |
               +--------+--------+--------+--------+--------+-----+--------+

Top non-repeatable levels by time:
     D:1: 873 daAuts
     D:2: 4 daAuts
